AoeStats
← Mateescu122121

Lombardia

509085881Analyzed
4v4 RM · 6d ago on Sep 25, 2026· 48m 19s· 8 players
Game mode
Random Map
Map size
Large (8 player)
Population
200
Speed
Normal
Resources
Standard
Victory
Conquest
Starting age
Dark Age
Ending age
Imperial Age
RankedLock teamsTeams togetherTeam positionsShared explorationLock speedFull tech treeHidden civsTurbo modeCheats
Victory
Defeat
🇧🇪 Lithuanians · Belgium
1092
+15
🇫🇷 Mongols · France
1067
+16
🇦🇹 Danes · Austria
1027
+17
🇦🇹 Saracens · Austria
1026
+17
🇨🇳 Persians · China
1124
-18
🇦🇺 Cumans · Australia
1070
-17
🇨🇳 Bohemians · China
1033
-15
🇯🇵 Armenians · Japan
1016
-15
richnoob575
0:29 Loom
11:12 Feudal Age
15:02 Castle Age
14:02 Double-Bit Axe
22:22 Fervor
28:33 Scale Barding Armor
30:13 Bow Saw
29:45 Horse Collar
31:38 Steppe Husbandry
32:02 Chain Barding Armor
32:33 Stone Mining
32:38 Town Watch
33:32 Wheelbarrow
33:09 Loom
33:31 Gold Mining
33:46 Heavy Plow
34:17 Bloodlines
34:43 Masonry
35:36 Town Patrol
39:36 Imperial Age
37:22 Hand Cart
雅硬雅重
7:15 Loom
11:38 Feudal Age
16:03 Castle Age
14:06 Double-Bit Axe
14:02 Horse Collar
16:48 Bow Saw
19:32 Heavy Plow
21:10 Gold Mining
24:33 Gold Shaft Mining
23:49 Stone Mining
25:15 Wheelbarrow
27:21 Stone Shaft Mining
27:21 Forging
27:16 Scale Barding Armor
29:56 Husbandry
30:07 Bloodlines
30:34 Hand Cart
33:02 Imperial Age
31:09 Ballistics
31:00 Masonry
32:03 Hand Cart
31:34 Town Watch
32:08 Scale Barding Armor
33:45 Conscription
32:47 Cavalier
33:50 Chain Barding Armor
34:05 Iron Casting
35:14 Chemistry
34:25 Careening
34:49 Architecture
36:36 Two-Man Saw
36:10 Crop Rotation
35:10 Capped Ram
37:20 Siege Ram
38:20 Savar
41:38 Plate Barding Armor
42:03 Blast Furnace
kagemusha
8:13 Loom
9:59 Feudal Age
15:00 Wheelbarrow
19:16 Horse Collar
21:46 Castle Age
23:36 Hand Cart
23:23 Town Watch
23:59 Fletching
30:12 Heavy Plow
31:30 Double-Bit Axe
34:20 Imperial Age
32:45 Pikeman
32:47 Man-at-Arms
33:28 Squires
33:13 Arson
33:14 Gambesons
33:31 Scale Mail Armor
33:42 Forging
33:56 Halberdier
34:20 Long Swordsman
35:20 Chain Mail Armor
35:41 Iron Casting
35:55 Gold Mining
36:26 Bow Saw
36:08 Stone Mining
36:07 Two-Handed Swordsman
37:20 Plate Mail Armor
37:53 Blast Furnace
38:00 Conscription
37:49 Fereters
37:14 Champion
41:48 Capped Ram
45:18 Siege Ram
雅粗雅力
12:04 Feudal Age
17:49 Castle Age
17:50 Loom
26:42 Double-Bit Axe
26:43 Horse Collar
29:41 Wheelbarrow
31:44 Fortified Wall
32:04 Bow Saw
31:58 Heavy Plow
33:01 Hand Cart
34:10 Ballistics
37:20 Imperial Age
37:10 Chemistry
36:25 Masonry
37:02 Wagenburg Tactics
38:24 Siege Engineers
37:46 Elite Hussite Wagon
39:54 Two-Man Saw
39:39 Conscription
44:11 Murder Holes
44:01 Arrowslits
Mateescu122121
10:57 Feudal Age
14:29 Castle Age
13:18 Double-Bit Axe
13:14 Horse Collar
15:54 Bow Saw
19:26 Loom
21:49 Town Watch
22:41 Wheelbarrow
21:54 Town Watch
22:52 Gold Mining
25:13 Fortified Wall
27:42 Hand Cart
27:28 Town Patrol
28:05 Stone Mining
28:51 Gold Shaft Mining
31:02 Imperial Age
28:49 Caravan
31:19 Heavy Plow
33:15 Conscription
32:16 Elite Mameluke
33:02 Scale Mail Armor
33:14 Scale Barding Armor
33:23 Bloodlines
33:14 Husbandry
34:05 Hoardings
34:33 Chemistry
33:54 Ballistics
36:10 Two-Man Saw
35:33 Chain Barding Armor
35:27 Forging
35:16 Murder Holes
37:00 Plate Barding Armor
37:02 Iron Casting
36:18 Fletching
36:35 Siege Engineers
36:42 Masonry
44:03 Blast Furnace
42:59 Bodkin Arrow
Toonzy
2:28 Loom
10:50 Feudal Age
13:26 Double-Bit Axe
16:30 Castle Age
19:27 Bow Saw
21:07 Wheelbarrow
20:19 Horse Collar
21:18 Wheelbarrow
24:03 Town Watch
27:29 Heavy Plow
31:28 Imperial Age
29:18 Hand Cart
29:34 Scale Barding Armor
30:19 Forging
30:11 Padded Archer Armor
31:48 Iron Casting
31:33 Chain Barding Armor
31:04 Fletching
31:49 Stone Mining
31:55 Gold Mining
32:48 Crop Rotation
33:44 Two-Man Saw
33:00 Town Watch
33:52 Conscription
34:12 Ballistics
34:15 Elite Leitis
35:53 Masonry
37:52 Plate Barding Armor
37:33 Leather Archer Armor
37:14 Bodkin Arrow
37:29 Husbandry
38:21 Light Cavalry
39:11 Bloodlines
41:13 Chemistry
40:47 Ring Archer Armor
40:17 Bracer
40:28 Thumb Ring
42:01 Fortified Wall
41:42 Heavy Cavalry Archer
Blast
2:16 Loom
9:57 Feudal Age
13:52 Forging
20:10 Castle Age
19:11 Double-Bit Axe
19:20 Stone Mining
22:20 Bow Saw
24:20 Gold Mining
24:31 Horse Collar
29:56 Wheelbarrow
30:15 Heavy Plow
31:42 Town Watch
32:34 Hand Cart
xburnmanager
10:16 Feudal Age
11:11 Double-Bit Axe
11:25 Horse Collar
17:12 Castle Age
18:04 Bow Saw
19:39 Loom
20:56 Forging
20:47 Scale Mail Armor
25:43 Bow Saw
25:39 Heavy Plow
26:18 Iron Casting
29:15 Stone Mining
29:18 Gold Mining
30:14 Chain Mail Armor
30:02 Caravan
30:27 Squires
30:12 Arson
32:11 Stone Shaft Mining
32:13 Gold Shaft Mining
33:46 Hamask
37:11 Imperial Age
35:18 Wheelbarrow
34:32 Town Watch
34:35 Loom
37:04 Town Patrol
37:23 Hand Cart
38:24 Plate Mail Armor
38:55 Blast Furnace
37:35 Elite Jomsviking
Connection lost

Rejoining the realm…

Still unreachable

The connection could not be restored.

Session expired

The server has moved on; the page needs a fresh start.